AoeStats
← Carple

Highland

504382764Analyzed
4v4 RM · 28d ago on Sep 5, 2026· 52m 12s· 8 players
Game mode
Random Map
Map size
Large (8 player)
Population
200
Speed
Normal
Resources
Standard
Victory
Conquest
Starting age
Dark Age
Ending age
Imperial Age
RankedLock teamsTeams togetherTeam positionsShared explorationLock speedFull tech treeHidden civsTurbo modeCheats
Victory
Defeat
🇹🇼 Burgundians · Taiwan
1082
+13
🇺🇸 Armenians · United States
1072
+13
🇨🇳 Franks · China
1049
+14
🇹🇼 Mongols · Taiwan
1041
+14
🇲🇽 Georgians · Mexico
1078
-16
🇲🇽 Huns · Mexico
1013
-14
🇨🇦 Spanish · Canada
1000
-13
🇺🇸 Japanese · United States
938
-28
DRAGONROJO500
6:43 Loom
11:33 Feudal Age
12:51 Double-Bit Axe
14:44 Wheelbarrow
16:48 Bloodlines
17:23 Forging
18:05 Scale Barding Armor
26:43 Castle Age
25:15 Gold Mining
25:31 Stone Mining
26:13 Fishing Lines
26:40 Fletching
26:41 Horse Collar
28:08 Thumb Ring
28:06 Bodkin Arrow
29:22 Ballistics
30:38 Husbandry
33:19 Hand Cart
35:59 Gold Shaft Mining
38:51 Imperial Age
39:36 Bracer
39:02 Heavy Cavalry Archer
40:03 Marauders
41:09 Atheism
Carple
10:56 Feudal Age
11:31 Double-Bit Axe
11:56 Horse Collar
16:23 Castle Age
15:00 Forging
14:53 Padded Archer Armor
15:15 Stone Mining
15:37 Gold Mining
17:29 Bow Saw
17:11 Loom
18:02 Fletching
23:32 Town Watch
24:47 Squires
26:15 Wheelbarrow
26:04 Pikeman
28:39 Husbandry
28:50 Bloodlines
28:01 Light Cavalry
29:00 Leather Archer Armor
28:47 Scale Mail Armor
34:18 Imperial Age
32:03 Hand Cart
31:59 Scale Barding Armor
32:30 Iron Casting
33:06 Stone Shaft Mining
33:12 Chain Barding Armor
32:48 Bodkin Arrow
34:00 Chain Mail Armor
34:10 Town Patrol
34:12 Heavy Plow
34:18 Gambesons
34:19 Arson
33:55 Man-at-Arms
36:03 Chemistry
34:25 Cavalier
34:26 Hussar
38:26 Conscription
40:26 Blast Furnace
41:10 Paladin
44:04 Halberdier
45:25 Plate Barding Armor
45:22 Plate Mail Armor
44:52 Bracer
boo radley
7:37 Loom
10:46 Feudal Age
11:26 Double-Bit Axe
11:22 Horse Collar
19:09 Castle Age
18:32 Bloodlines
21:53 Bow Saw
21:47 Fletching
26:59 Heavy Plow
27:00 Bodkin Arrow
29:45 Wheelbarrow
31:11 Hand Cart
30:58 Heavy Plow
30:50 Gold Mining
30:52 Stone Mining
32:31 Town Watch
33:15 Ballistics
37:11 Imperial Age
34:52 Town Patrol
34:31 Pikeman
34:59 Gambesons
35:14 Squires
34:59 Arson
35:15 Scale Mail Armor
38:38 Conscription
39:26 Chain Mail Armor
39:32 Siege Engineers
40:29 Chemistry
41:35 Halberdier
43:47 Murder Holes
44:04 Masonry
44:36 Heavy Cavalry Archer
Gilmarq97
7:51 Loom
10:26 Feudal Age
11:27 Double-Bit Axe
17:15 Castle Age
17:35 Wheelbarrow
16:47 Town Watch
17:42 Wheelbarrow
17:17 Stone Mining
17:27 Gold Mining
18:57 Bow Saw
19:25 Bloodlines
19:16 Husbandry
23:25 Town Patrol
23:58 Fletching
24:15 Scale Barding Armor
24:52 Horse Collar
28:18 Forging
29:03 Hand Cart
30:36 Iron Casting
34:18 Imperial Age
33:32 Chain Barding Armor
33:07 Bodkin Arrow
36:10 Elite Monaspa
37:12 Conscription
39:15 Blast Furnace
38:50 Plate Barding Armor
39:34 Ballistics
Prince of Hell
9:33 Loom
11:18 Feudal Age
13:18 Town Watch
14:51 Fletching
17:06 Castle Age
16:10 Fletching
16:15 Double-Bit Axe
19:54 Wheelbarrow
21:19 Bow Saw
23:47 Horse Collar
24:45 Man-at-Arms
25:11 Gambesons
25:27 Squires
26:06 Long Swordsman
27:33 Two-Handed Swordsman
28:19 Gold Mining
29:21 Forging
29:11 Scale Mail Armor
30:40 Iron Casting
33:28 Imperial Age
30:56 Arson
32:03 Gold Shaft Mining
32:03 Chain Mail Armor
32:32 Hand Cart
32:32 Champion
34:59 Plate Mail Armor
34:09 Capped Ram
35:11 Conscription
36:10 Blast Furnace
36:10 Fereters
36:21 Pikeman
37:22 Halberdier
39:26 Heavy Plow
loplo12377
10:47 Feudal Age
12:53 Loom
15:55 Castle Age
13:49 Double-Bit Axe
15:29 Horse Collar
16:21 Bloodlines
19:57 Pikeman
24:24 Heavy Plow
27:26 Wheelbarrow
26:55 Husbandry
29:00 Scale Barding Armor
29:06 Forging
31:51 Iron Casting
32:05 Ballistics
32:47 Bow Saw
35:53 Imperial Age
35:59 Imperial Age
33:57 Chain Barding Armor
35:13 Hand Cart
36:14 Fortified Wall
35:59 Murder Holes
36:18 Elite Steppe Lancer
37:51 Conscription
37:33 Nomads
38:39 Chemistry
37:46 Siege Engineers
38:09 Town Watch
41:48 Blast Furnace
40:39 Fletching
41:20 Parthian Tactics
41:00 Thumb Ring
41:10 Caravan
44:07 Elite Mangudai
47:43 Bodkin Arrow
48:10 Masonry
49:01 Capped Ram
49:53 Siege Ram
51:44 Drill
boling720
3:54 Double-Bit Axe
7:52 Wheelbarrow
7:04 Loom
10:36 Feudal Age
8:56 Horse Collar
11:36 Bow Saw
11:28 Heavy Plow
14:56 Forging
20:37 Castle Age
18:40 Gold Mining
19:51 Scale Barding Armor
22:04 Iron Casting
24:00 Wheelbarrow
23:32 Cavalier
25:04 Husbandry
26:13 Hand Cart
29:20 Chain Barding Armor
33:31 Imperial Age
30:54 Town Watch
32:23 Treadmill Crane
34:11 Two-Man Saw
33:50 Caravan
33:54 Paladin
35:33 Gold Shaft Mining
35:54 Capped Ram
37:15 Plate Barding Armor
37:41 Blast Furnace
37:01 Burgundian Vineyards
37:16 Conscription
39:55 Fletching
40:03 Murder Holes
40:18 Masonry
40:31 Ballistics
坐龙椅穿龙袍
10:49 Feudal Age
15:27 Castle Age
13:58 Double-Bit Axe
17:03 Wheelbarrow
17:21 Loom
21:49 Bow Saw
23:45 Scale Barding Armor
23:51 Forging
24:42 Forging
25:40 Husbandry
26:14 Gold Mining
26:57 Hand Cart
27:55 Hand Cart
28:35 Gold Shaft Mining
28:55 Chain Barding Armor
29:10 Iron Casting
29:18 Stone Mining
29:49 Masonry
31:13 Fortified Wall
33:53 Imperial Age
32:06 Town Watch
32:31 Fletching
34:13 Ballistics
33:58 Town Patrol
33:56 Bodkin Arrow
34:05 Cavalier
35:25 Plate Barding Armor
35:51 Blast Furnace
35:54 Siege Engineers
36:50 Chemistry
35:39 Paladin
39:47 Architecture
44:08 Conscription
Connection lost

Rejoining the realm…

Still unreachable

The connection could not be restored.

Session expired

The server has moved on; the page needs a fresh start.